Map: Catalyst LE

Players

Bioice - Winner!

  • Race: Zerg Zerg
  • Spawn Location: 5:00

Tesla (Rob)

  • Race: Protoss Protoss
  • Spawn Location: 11:00

Event: WCS Austin 2018

VOD

Have the link to the VOD?

Description

Time

  • Played on: June 1, 2018, 5:37 p.m.
  • Length: 9:05

All games in this series

Show
View Real Time Build Order
Export as new Build Order

Bioice Zerg - Winner!

Build Orders: Hatch First 

Get SALT Encoding   

  12  0:01  Drone  
  13  0:13  Overlord  
  13  0:17  Drone  
  14  0:31  Drone x2  
  16  0:49  Hatchery  
  15  0:53  Drone  
  16  0:57  Drone  
  16  1:00  Drone  
  18  1:07  Extractor  
  17  1:15  Spawning Pool  
  17  1:18  Drone  
  17  1:22  Drone  
  18  1:28  Drone  
  19  1:46  Hatchery  
  18  1:49  Drone  
  18  1:52  Drone  
  20  2:03  Drone x2  
  20  2:07  Queen  
  24  2:14  Overlord  
  24  2:18  Drone  
  24  2:22  Drone  
  26  2:31  Queen  
  26  2:33  Metabolic Boost  
  26  2:36  Zergling x2  
  29  2:39  Zergling x2  
  30  2:45  Drone  
  30  2:46  Drone x2  
  33  2:56  Overlord  
  33  2:59  Queen  
  33  3:00  Overlord  
  35  3:06  Drone x3  
  35  3:09  Drone  
  39  3:15  Queen  
  39  3:18  Drone x2  
  43  3:21  Drone  
  43  3:23  Zergling x2  
  45  3:28  Zergling x2  
  45  3:31  Drone x3  
  45  3:32  Drone  
  50  3:38  Spore Crawler  
  50  3:40  Drone  
  50  3:42  Drone  
  50  3:43  Drone  
  50  3:44  Spore Crawler  
  52  3:50  Drone x3  
  52  3:52  Drone x2  
  52  3:55  Spore Crawler, Evolution Chamber  
  56  3:56  Extractor  
  56  3:58  Overlord  
  56  3:59  Drone  
  55  4:06  Drone x3  
  57  4:18  Drone x2  
  57  4:19  Drone x4  
  57  4:22  Overlord  
  57  4:24  Drone x2  
  65  4:28  Overlord  
  65  4:29  Baneling Nest  
  65  4:31  Zergling x2  
  65  4:34  Extractor  
  65  4:37  Overlord, Zergling x2  
  65  4:41  Overlord  
  65  4:45  Overlord, Zerg Melee Weapons Level 1  
  65  4:46  Zergling x4  
  65  4:47  Zergling x2  
  65  4:52  Zergling x8  
  72  4:53  Zergling x6  
  72  4:54  Zergling x2  
  72  4:59  Zergling x6  
  79  5:03  Zergling x2  
  80  5:08  Zergling x6  
  80  5:09  Lair  
  83  5:15  Baneling x4  
  83  5:16  Baneling  
  83  5:20  Zergling x6  
  83  5:21  Zergling x6  
  89  5:31  Overlord  
  88  5:36  Baneling x4  
  88  5:37  Zergling x12  
  88  5:38  Hatchery  
  93  5:47  Zergling x8  
  92  5:52  Zergling x4  
  92  5:53  Zergling x6  
  97  5:58  Drone x2  
  98  6:06  Drone  
  98  6:07  Drone x3  
  98  6:10  Drone  
  98  6:11  Drone  
  99  6:19  Drone  
  99  6:21  Hydralisk Den, Extractor  
  99  6:22  Centrifical Hooks  
  97  6:26  Drone  
  97  6:27  Drone x6  
  104  6:34  Drone x2  
  104  6:36  Overlord x2  
  104  6:39  Zerg Melee Weapons Level 2, Extractor  
  104  6:42  Extractor  
  98  6:53  Zergling x2  
  98  6:54  Zergling x2  
  93  6:56  Zergling x2  
  93  6:57  Zergling x10  
  98  7:05  Overlord x3  
  98  7:10  Zergling x2  
  98  7:11  Zergling x10  
  98  7:12  Grooved Spines, Queen  
  98  7:14  Hydralisk x4  
  114  7:17  Overlord x2  
  113  7:26  Hydralisk x4  
  121  7:34  Overlord x2, Hydralisk  
  121  7:35  Hydralisk x2  
  127  7:40  Hydralisk x4  
  127  7:43  Overlord  
  135  7:48  Hydralisk x3  
  139  7:54  Baneling x3  
  139  7:55  Baneling x2, Zergling x2  
  139  7:56  Zergling x2  
  141  8:09  Baneling  
  141  8:10  Baneling x9  
  141  8:12  Zergling x18  
  150  8:13  Zergling x2  
  151  8:26  Zergling x2  
  152  8:27  Zergling x18  
  152  8:31  Zergling x6  
  152  8:32  Zergling x2  
  165  8:36  Zergling x2  
  165  8:37  Zergling x6  
  169  8:41  Baneling  
  169  8:42  Baneling x6  
  169  8:43  Baneling  
  169  8:44  Baneling x2  
  169  8:45  Baneling  
  169  8:48  Baneling  
  169  8:49  Baneling x5  
Show
View Real Time Build Order
Export as new Build Order

Tesla Protoss 

Build Orders: 1 Gate Expand, Oracle Opening, Chargelot Immortal 

Get SALT Encoding   

  12  0:01  Probe  
  13  0:13  Probe  
  14  0:25  Probe, Pylon  
  15  0:40  Probe  
  15  0:45  Gateway  
  15  0:48  Probe  
  16  0:50  Assimilator  
  17  0:57  Probe  
  18  1:09  Probe  
  19  1:21  Probe  
  20  1:30  Nexus  
  20  1:35  Probe  
  20  1:36  Cybernetics Core  
  21  1:43  Probe  
  21  1:46  Assimilator  
  21  1:53  Pylon  
  22  1:55  Probe  
  23  2:04  Adept  
  23  2:11  Probe  
  23  2:13  Warp Gate  
  26  2:23  Probe  
  27  2:31  Adept  
  27  2:36  Probe  
  30  2:38  Probe  
  30  2:39  Stargate  
  31  2:46  Probe  
  31  2:48  Probe  
  33  2:56  Probe  
  33  2:58  Adept  
  33  3:00  Probe  
  36  3:08  Probe  
  36  3:12  Probe  
  38  3:13  Oracle  
  38  3:20  Probe  
  38  3:24  Probe  
  43  3:32  Probe  
  44  3:35  Twilight Council  
  44  3:36  Probe  
  45  3:44  Probe  
  46  3:51  Robotics Facility  
  46  3:52  Resonating Glaives, Pylon  
  46  3:53  Assimilator  
  46  3:57  Assimilator  
  46  4:10  Probe x2  
  46  4:16  Gateway  
  48  4:18  Phoenix, Gateway  
  48  4:20  Forge  
  48  4:22  Probe x2  
  50  4:28  Pylon  
  52  4:32  Adept  
  52  4:36  Pylon  
  54  4:46  Probe x2  
  56  4:53  Adept, Protoss Ground Weapons Level 1  
  56  4:58  Probe  
  59  5:06  Nexus  
  59  5:08  Pylon  
  59  5:13  Adept x2  
  63  5:15  Adept  
  63  5:16  Probe x2  
  63  5:18  Immortal  
  67  5:27  Pylon  
  71  5:35  Probe x2  
  73  5:37  Sentry x2  
  73  5:41  Pylon  
  77  5:48  Sentry  
  63  5:53  Gateway  
  63  5:54  Gateway  
  63  5:55  Gateway  
  63  5:57  Immortal  
  63  6:06  Sentry  
  63  6:07  Sentry  
  63  6:10  Pylon  
  71  6:12  Charge  
  71  6:14  Sentry  
  73  6:27  Pylon  
  73  6:33  Nexus  
  73  6:37  Sentry x2, Immortal  
  81  6:40  Zealot  
  75  6:56  Probe x2  
  69  7:02  Sentry x2  
  69  7:03  Zealot  
  69  7:08  Gateway  
  74  7:09  Immortal  
  74  7:15  Zealot x2, Sentry  
  84  7:26  Zealot x3  
  90  7:38  Zealot x3  
  90  7:42  Nexus  
  90  7:43  Templar Archives, Pylon  
  90  7:44  Immortal  
  96  7:50  Zealot  
  102  8:01  Pylon  
  102  8:02  Pylon  
  103  8:12  Probe  
  103  8:13  Probe  
  103  8:19  Immortal  
  104  8:25  Probe  
  104  8:27  Assimilator  
  109  8:29  Probe  
  109  8:31  Pylon  
  109  8:32  Assimilator  
  110  8:34  Zealot  
  110  8:37  High Templar, Probe  
  115  8:47  Probe  
  115  8:48  High Templar  
  118  8:49  Probe  
  92  9:02  Zealot  
  92  9:03  Zealot x4  
Tags
 
Add a new tag
Caveats
  • Supply blocks, unpowered buildings, or Contaminate may cause inaccurate times.
  • Supply counts are checked every 10 seconds.